 Dungeon Crawl Stone Soup version 0.28-a0-511-gcc94558de3 (webtiles) character file.

Game seed: 11867117520671198623

175 Shayle the Skirmisher (level 5, -1/57 HPs)
             Began as an Ogre Warper on Sept 20, 2021.
             Slain by an orc (4 damage)
             ... on level 3 of the Dungeon on Sept 22, 2021.
             The game lasted 00:10:56 (4600 turns).

Shayle the Skirmisher (Ogre Warper)                 Turns: 4600, Time: 00:10:56

Health: -1/57      AC:  3    Str: 15    XL:     5   Next: 55%
Magic:  1/8        EV:  9    Int: 15    God:
Gold:   94         SH:  0    Dex:  8    Spells: 0/8 levels left

rFire   . . .      SeeInvis .   c - +0 whip (freeze)
rCold   . . .      Faith    .   (no shield)
rNeg    . . .      Spirit   .   b - +0 robe
rPois   .          Reflect  .   (helmet restricted)
rElec   .          Harm     .   (no cloak)
rCorr   .          Rampage  .   (gloves unavailable)
Will    .....                   (boots unavailable)
Stlth   +.........              (no amulet)
HPRegen 0.19/turn               (no ring)
MPRegen 0.11/turn               (no ring)

@: very slightly contaminated
A: large, unfitting armour, tough skin 1
a: no special abilities


You were on level 3 of the Dungeon.
You visited 1 branch of the dungeon, and saw 3 of its levels.

You collected 94 gold pieces.

Inventory:

Hand Weapons
 a - a +0 spear
 c - a +0 whip of freezing (weapon)
 d - a +1 flail of distortion
Armour
 b - a +0 robe (worn)


   Skills:
 + Level 5.5 Fighting
 + Level 4.1 Polearms
 - Level 1.0 Throwing
 - Level 2.1 Dodging
 - Level 2.4 Spellcasting
 - Level 2.6 Translocations


You couldn't memorise any spells.
You knew the following spells:

 Your Spells              Type           Power      Damage    Failure   Level
a - Blink                 Tloc           N/A        N/A       11%         2
b - Teleport Other        Tloc           9%         N/A       22%         3
c - Gell's Gravitas       Tloc           4%         N/A       22%         3

Your spell library contained the following spells:

 Spells                   Type           Power      Damage    Failure   Level
 Lesser Beckoning         Tloc           9%         N/A       22%         3
 Manifold Assault         Tloc           9%         N/A       89%         5


Dungeon Overview and Level Annotations

Branches:
Dungeon (3/15)

Altars:
Beogh


Innate Abilities, Weirdness & Mutations

You are too large for most types of armour.
You have tough skin. (AC +1)


Message History

* * * LOW HITPOINT WARNING * * *
The orc completely misses you.
Unknown command.
You're too confused to cast spells.
Sorry, you're not good enough to have a special ability.
You hit the orc but do no damage.
The orc is lightly wounded.
The orc wizard hits you with a +0 dagger.
* * * LOW HITPOINT WARNING * * *
The ball python barely misses you. The orc hits you with a +0 falchion.
* * * LOW HITPOINT WARNING * * *
The orc hits you but does no damage.
You hit the orc wizard. You freeze the orc wizard.
You kill the orc wizard!
You feel less confused. The bat barely misses you.
The ball python bites you but does no damage.
The orc hits you with a +0 falchion!
* * * LOW HITPOINT WARNING * * *
The orc hits you with a +0 club.
* * * LOW HITPOINT WARNING * * *
The ball python barely misses you.
Sorry, you're not good enough to have a special ability.
Casting: Gell's Gravitas (dangerous; 22% risk of failure)
Confirm with . or Enter, or press ? or * to list all spells.
You don't know that spell.
Sorry, you're not good enough to have a special ability.
Casting: Gell's Gravitas (dangerous; 22% risk of failure)
Confirm with . or Enter, or press ? or * to list all spells.
You miscast Blink.
You are very lightly contaminated with residual magic.
Nothing appears to happen.
The orc barely misses you. x2
The orc closely misses you. The ball python bites you.
* * * LOW HITPOINT WARNING * * *
Casting: Blink (safe; 11% risk of failure)
Confirm with . or Enter, or press ? or * to list all spells.
You don't have enough magic to cast this spell.
You closely miss the ball python. The orc barely misses you.
The orc hits you with a +0 falchion.
You die...

.... .o. .o# ...
#S# ..# #.# .. #)#
#.#####'####
#..#....oo.#
#.#...bo@.#
#......S..#
##########.###+####
.......# #.#
.......###.##
.......'....#
.......###..#
.#####.# #..#
.#####.# #...#


You could see 3 orcs, a bat and a ball python.

Vanquished Creatures
  An orc wizard (D:3)
  6 adders
  2 worms
  7 dart slugs
  2 orcs
  7 endoplasms
  5 giant cockroaches
  4 goblins
  3 hobgoblins
  4 jackals (D:1)
  2 quokkas (D:1)
  9 ball pythons
  7 bats
  4 frilled lizards
  6 kobolds
  9 rats
78 creatures vanquished.

Notes
Turn   | Place    | Note
-------+----------+-------------------------------------------
     0 | D:1      | Shayle the Ogre Warper began the quest for the Orb.
     0 | D:1      | Reached XP level 1. HP: 22/22 MP: 3/3
   236 | D:1      | Reached skill level 3 in Fighting
   243 | D:1      | Reached XP level 2. HP: 18/31 MP: 5/5
   871 | D:1      | Reached XP level 3. HP: 31/39 MP: 6/6
  1475 | D:1      | Reached skill level 4 in Fighting
  1795 | D:1      | Found a faded altar of an unknown god.
  2263 | D:2      | Reached XP level 4. HP: 37/49 MP: 7/7
  3226 | D:2      | HP: 2/49 [poisoned by an adder]
  3601 | D:2      | Learned a level 2 spell: Blink
  3605 | D:2      | Learned a level 3 spell: Teleport Other
  3676 | D:2      | Reached skill level 5 in Fighting
  3887 | D:2      | Reached XP level 5. HP: 25/57 MP: 8/8
  4328 | D:2      | Upgraded the game from 0.28-a0-500-g121bc3e445 to
                  | 0.28-a0-511-gcc94558de3
  4378 | D:3      | Learned a level 3 spell: Gell's Gravitas
  4600 | D:3      | Slain by an orc

Illustrated notes

Levels and vault maps discovered:
D:1:      dpeg_arrival_circle_labyrinth_a, layout_loops_corners,
          hellmonk_ecumenical_altar_defaced_shrine
D:2:      minmay_chambers_of_twos, layout_basic, minivault_26, fountainhead
D:3:      layout_basic

Skill      XL: |  1  2  3  4  5 |
---------------+----------------+-----
Fighting       | 3 4 5 |  5.5
Polearms       | 3 4 |  4.1
Throwing       | |  1.0
Dodging        | |  2.1
Spellcasting   | |  2.4
Translocations | |  2.6

Action                   |  1- 3 |  4- 6 || total
-------------------------+-------+-------++-------
Melee: Spear             |   201 |    91 ||   292
       Whip              |       |    80 ||    80
Throw: Boomerang         |     5 |       ||     5
 Cast: Gell's Gravitas   |       |     2 ||     2
  Use: Scroll            |       |     5 ||     5
       Potion            |       |     3 ||     3
 Stab: Sleeping          |     1 |       ||     1
Armor: Robe              |    83 |    49 ||   132
Dodge: Dodged            |    91 |    84 ||   175

Table legend: (Time is in decaauts)
 A = Elapsed time spent in this place.
 B = Non-inter-level travel time spent in this place.
 C = Inter-level travel time spent in this place.
 D = Time resting spent in this place.
 E = Time spent auto-exploring this place.
 F = Levels seen in this place.
 G = Mean time per level.
                   A        B        C        D        E       F      G
               +--------+--------+--------+--------+--------+-----+--------+
         Total |   4596 |   4442 |    154 |   1088 |   2564 |   3 | 1532.0 |
       Dungeon |   4596 |   4442 |    154 |   1088 |   2564 |   3 | 1532.0 |
               +--------+--------+--------+--------+--------+-----+--------+

Top non-repeatable levels by time:
     D:1: 2544 daAuts
     D:2: 1820 daAuts
     D:3: 231 daAuts
